 Dungeon Crawl Stone Soup version 0.31-a0-662-g684573625c (webtiles) character file.

Game seed: 9968553497605834742

7959 arthad the Blocker (level 11, -11/72 HPs)
             Began as a Gargoyle Fighter on Sept 1, 2023.
             Was a Priest of Okawaru.
             Mangled by Gastronok (18 damage)
             ... on level 9 of the Dungeon.
             The game lasted 00:14:15 (7189 turns).

arthad the Blocker (Gargoyle Fighter)               Turns: 7189, Time: 00:14:15

Health: -11/72     AC: 23    Str: 30    XL:     11   Next: 23%
Magic:  0/11       EV:  9    Int:  9    God:    Okawaru [***...]
Gold:   342        SH: 10    Dex:  9    Spells: 10/10 levels left

rFire   . . .        O - +2 war axe (heavy)
rCold   . . .        H - +0 kite shield
rNeg    + . .        b - +0 scale mail
rPois   ∞            (no helmet)
rElec   +            (no cloak)
rCorr   +            d - +2 pair of gloves
SInv    .            e - +2 pair of boots
Will    .....        h - amulet of guardian spirit Stlth
                     j - +6 ring of strength
HPRegen 0.32/turn    D - ring of resist corrosion
MPRegen 0.12/turn

%: guardian spirit
@: mighty
A: sickness immunity, AC +8, negative energy resistance 1, electricity
resistance, torment resistance 1, petrification resistance
a: Renounce Religion, Heroism


You were on level 9 of the Dungeon.
You worshipped Okawaru.
Okawaru was most pleased with you.
You visited 2 branches of the dungeon, and saw 10 of its levels.

You collected 522 gold pieces.
You spent 180 gold pieces at shops.

Inventory:

Hand Weapons
 a - a +0 war axe
 v - a +1 mace of draining
 y - a +2 hand axe of freezing
 O - a +2 heavy war axe (weapon)
 R - the +3 rapier "Upatof" {holy, Dex+2}
   (You took it off an orc priest on level 8 of the Dungeon)

   Dex+2:     It affects your dexterity (+2).
Missiles
 r - 23 poisoned darts (quivered)
 B - 14 boomerangs
Armour
 b - a +0 scale mail (worn)
 c - a +0 buckler
 d - a +2 pair of gloves (worn)
 e - a +2 pair of boots (worn)
 o - a +0 pair of gloves
 H - a +0 kite shield (worn)
 Q - the +0 chain mail of Veoh {rF++ Will-}
   (You found it on level 8 of the Dungeon)

   rF++:      It greatly protects you from fire.
   Will-:     It decreases your willpower.
Magical Staves
 k - a staff of fire
Jewellery
 h - an amulet of guardian spirit (around neck)
 i - an amulet of the acrobat
 j - a +6 ring of strength (left hand)
 D - a ring of resist corrosion (right hand)
 G - an amulet of magic regeneration
Wands
 s - a wand of acid (31)
 u - a wand of flame (23)
 x - a wand of paralysis (12)
 z - a wand of polymorph (10)
Scrolls
 l - 12 scrolls of identify {unknown}
 m - 4 scrolls of teleportation {unknown}
 n - a scroll of revelation {unknown}
 p - 2 scrolls of poison {unknown}
 q - a scroll of enchant armour {unknown}
 w - 3 scrolls of acquirement {unknown}
 A - a scroll of fog {unknown}
 E - 3 scrolls of immolation {unknown}
 I - a scroll of blinking {unknown}
 M - a scroll of fear {unknown}
 P - a scroll of noise {unknown}
Potions
 f - a potion of cancellation {unknown}
 C - a potion of mutation {unknown}
 F - 2 potions of might
 J - a potion of berserk rage {unknown}
 K - a potion of attraction {unknown}
 L - a potion of degeneration {unknown}
 N - a potion of ambrosia {unknown}


   Skills:
 + Level 9.9 Fighting
 + Level 8.1 Axes
 + Level 9.9 Armour
 + Level 10.0 Shields


You had 10 spell levels left.
You didn't know any spells.
Your spell library contained the following spells:

 Spells                   Type           Power      Damage    Failure   Level
 Ensorcelled Hibernation  Hex/Ice        0%         N/A       87%         2
 Passwall                 Tmut/Erth      0%         N/A       87%         2
 Poisonous Vapours        Pois/Air       0%         N/A       87%         2
 Static Discharge         Conj/Air       0%         2-2/arc   87%         2
 Mephitic Cloud           Conj/Pois/Air  0%         N/A       98%         3
 Swiftness                Air            0%         N/A       98%         3
 Airstrike                Air            0%         2d(0-16)  100%        4
 Freezing Cloud           Conj/Ice/Air   0%         6-21      100%        5
 Summon Lightning Spire   Summ/Air       Unusable   N/A       N/A         4

Dungeon Overview and Level Annotations

Branches:
Dungeon (9/15)             Temple (1/1) D:7
   Lair: D:8-11         Orc: D:9-12

Altars:
Cheibriados
Dithmenos
Elyvilon
Fedhas
Gozag
Hepliaklqana
Kikubaaqudgha
Makhleb
Nemelex Xobeh
Okawaru
Qazlal
Ru
Sif Muna
Trog
Uskayaw
Vehumet
Wu Jian
Xom
Yredelemnul
Zin
The Shining One

Shops:
D:4 [**

Annotations:
D:9 Gastronok


Innate Abilities, Weirdness & Mutations

You are immune to sickness and miasma.
Your stone body is resilient. (AC +8)
You are immune to poison.
You resist negative energy. (rN+)
You are resistant to electric shocks. (rElec)
You are resistant to unholy torment.
You are immune to petrification.


Message History

The gnoll hits you but does no damage.
The gnoll hits you from afar with a +0 spear.
You slice Gastronok like a ripe choko!!!
Gastronok is moderately wounded.
You slice the ogre zombie!!
You destroy the ogre zombie!
Okawaru accepts your kill. The gnoll hits you but does no damage.
You block the gnoll's attack. Gastronok bites you!!
* * * LOW HITPOINT WARNING * * *
You block the gnoll's attack.
You feel better. The gnoll hits you but does no damage.
The orc zombie hits you but does no damage.
The gnoll hits you but does no damage.
Gastronok waves his eye-stalks in wide circles.
The air twists around and strikes you!
* * * LOW HITPOINT WARNING * * *
You feel better. You block the gnoll's attack.
The gnoll hits you but does no damage. The orc zombie misses you.
Okay, then.
Okay, then.
Okay, then.
Okay, then.
You open Gastronok like a pillowcase!!!
Gastronok is heavily wounded.
You slash the orc zombie!
You destroy the orc zombie!
The gnoll throws a throwing net.
The throwing net hits you.
You become entangled in the net!
The gnoll hits you but does no damage. x2
Gastronok bites you!
* * * LOW HITPOINT WARNING * * *
You tear a large gash into the net.
The gnoll hits you but does no damage. x2
You shred the net and break free! You block the gnoll's attack.
The gnoll hits you but does no damage. Gastronok bites you but does no damage.
You slash Gastronok!
Gastronok is heavily wounded.
The gnoll hits you but does no damage. x3; The gnoll completely misses you.
Gastronok bites you!!
You die...
Gastronok gurgles, "Time to dig in!"

. ..####### .... #.......#
#...# .. ........# #...###
.# #....g..# #..... .#
......>)# #...# # .####
.......g[@####...# . .#..
.......<†w..##...# # .#.#
##.............)().#######
# .#.# #..
#.........##[)........ #
...###.#
####...#####)#.###### #
.##.##.##.)..... #(#(#
###### .##.#8.8#..##...
####)#.# #.<...
..........# #### #......#
#.#### #####8.8###
#.####.# #.# #


You could see Gastronok (swift) and 2 gnolls.

Vanquished Creatures
  2 two-headed ogres
  A shadow (D:9)
  Sigmund (D:4)
  A wyvern (D:9)
  8 yaks
  2 two-headed ogre zombies (D:9)
  Duvessa (D:4)
  4 ice beasts
  2 black bears (D:5)
  5 orc warriors
  3 centaurs
  2 phantoms (D:9)
  2 kobold brigands
  2 gnoll sergeants
  3 bullfrogs
  2 scorpions
  10 wights (D:8)
  Dowan (D:4)
  2 troll zombies (D:9)
  4 killer bees (D:9)
  6 howler monkeys
  9 crimson imps
  7 hounds
  3 orc priests
  2 gnoll boudas (D:9)
  3 iguanas
  Jessica (D:2)
  5 sleepcaps
  Terence (D:2)
  8 orc wizards
  4 ogre zombies (D:9)
  5 adders
  34 gnolls
  A shadow imp (D:5)
  4 white imps
  An ufetubus (D:4)
  A worm (D:5)
  A dart slug (D:2)
  72 orcs
  12 ball pythons
  4 endoplasms
  4 giant cockroaches
  5 goblins
  5 hobgoblins
  23 jackals
  17 kobolds
  8 quokkas
  3 bats
  A frilled lizard (D:2)
  A hobgoblin skeleton (D:9)
  A hobgoblin zombie (D:9)
  2 orc skeletons (D:9)
  21 orc zombies (D:9)
  8 rats
341 creatures vanquished.

Vanquished Creatures (others)
  A gnoll (D:5)
1 creature vanquished.

Grand Total: 342 creatures vanquished

Notes
Turn   | Place    | Note
-------+----------+-------------------------------------------
     0 | D:1      | arthad the Gargoyle Fighter began the quest for the Orb.
     0 | D:1      | Reached XP level 1. HP: 14/14 MP: 1/1
   120 | D:1      | Reached XP level 2. HP: 13/19 MP: 2/2
   456 | D:1      | Reached XP level 3. HP: 24/24 MP: 3/3
  1186 | D:2      | Reached XP level 4. HP: 28/29 MP: 4/4
  1211 | D:2      | Noticed Jessica
  1218 | D:2      | Killed Jessica
  1219 | D:2      | Reached skill level 4 in Shields
  1248 | D:2      | Found a basalt altar of Yredelemnul.
  1478 | D:2      | Noticed Terence
  1485 | D:2      | Killed Terence
  1486 | D:2      | Reached XP level 5. HP: 29/33 MP: 3/5
  2546 | D:4      | Reached XP level 6. HP: 39/39 MP: 6/6
  2660 | D:4      | Found Xorod's Assorted Antiques.
  2662 | D:4      | Found Peizil's General Store.
  2663 | D:4      | Found Romacwil's Antique Armour Shoppe.
  2694 | D:4      | Noticed Sigmund
  2701 | D:4      | Killed Sigmund
  2702 | D:4      | Reached skill level 5 in Fighting
  2702 | D:4      | Reached skill level 5 in Armour
  2702 | D:4      | Reached skill level 5 in Shields
  2702 | D:4      | Reached XP level 7. HP: 30/44 MP: 4/7
  2811 | D:4      | Bought a pair of runed gloves for 180 gold pieces
  2932 | D:4      | Noticed Duvessa
  2932 | D:4      | Noticed Dowan
  2953 | D:4      | Killed Duvessa
  2955 | D:4      | Killed Dowan
  3134 | D:4      | Found a hazy altar of Hepliaklqana.
  3316 | D:5      | Entered Level 5 of the Dungeon
  3446 | D:5      | Reached XP level 8. HP: 31/51 MP: 3/8
  3561 | D:5      | Reached skill level 6 in Shields
  3598 | D:5      | Noticed a +0 short sword
  3598 | D:5      | Noticed a +0 falchion
  3599 | D:5      | Noticed a +0 dagger
  3599 | D:5      | Noticed a +0 short sword
  3599 | D:5      | Noticed a +0 spear
  3600 | D:5      | Noticed a +0 spear
  3600 | D:5      | Noticed a +0 dagger
  3600 | D:5      | Noticed a +0 falchion
  3613 | D:5      | Found a hide-covered altar of Uskayaw.
  3679 | D:5      | Found a shadowy altar of Dithmenos.
  3829 | D:5      | Reached skill level 5 in Axes
  4028 | D:5      | Found a shimmering altar of Xom.
  4032 | D:5      | Reached XP level 9. HP: 56/56 MP: 9/9
  4037 | D:5      | Reached skill level 7 in Shields
  4613 | D:6      | Noticed a two-headed ogre
  4626 | D:6      | Killed a two-headed ogre
  4888 | D:6      | Reached skill level 8 in Shields
  5111 | D:6      | Found a sparkling altar of Nemelex Xobeh.
  5434 | D:7      | Found a radiant altar of Vehumet.
  5480 | D:7      | Reached XP level 10. HP: 59/64 MP: 10/10
  5535 | D:7      | Found a burning altar of Makhleb.
  5742 | D:7      | Found a sacrificial altar of Ru.
  5794 | D:7      | Found a staircase to the Ecumenical Temple.
  5800 | Temple   | Entered the Ecumenical Temple
  5826 | Temple   | Became a worshipper of Warmaster Okawaru
  5949 | D:8      | Found a shimmering blue altar of Sif Muna.
  5998 | D:8      | Reached * piety under Okawaru
  6035 | D:8      | Identified the +0 chain mail of Veoh {rF++ Will-}
  6254 | D:8      | Identified the +3 rapier "Upatof" {holy, Dex+2}
  6256 | D:8      | Found a stormy altar of Qazlal.
  6284 | D:8      | Noticed a two-headed ogre
  6292 | D:8      | Killed a two-headed ogre
  6292 | D:8      | Reached ** piety under Okawaru
  6293 | D:8      | Reached skill level 9 in Shields
  6933 | D:9      | Noticed Gastronok
  7077 | D:9      | Reached *** piety under Okawaru
  7078 | D:9      | Reached XP level 11. HP: 47/71 MP: 6/11
  7156 | D:9      | Reached skill level 10 in Shields
  7189 | D:9      | Mangled by Gastronok

Illustrated notes

Levels and vault maps discovered:
D:1:      heliophobic_arrival_ceremonial_halls, layout_loops_corners
D:2:      layout_loops_ring, basic_altar, uniq_jessica, uniq_terence
D:3:      layout_loops_ring
D:4:      layout_rooms, nicolae_overflow_crystal_walls, kennysheep_donut,
          nicolae_wooded_promenade, uniq_duvessa, uniq_sigmund
D:5:      lemuel_castle_with_subvaults [lemuel_castle_interior_carwin_3],
          layout_basic, led_xom_imps, nicolae_uskayaw_en_pointe,
          grunt_dithmenos_smoke_and_mirrors, minmay_diced_spiral
D:6:      layout_cave_pools, nemelex_xobeh_ov_fountains_minmay
D:7:      layout_rooms, mainiacjoe_overflow_paths, kennysheep_little_box,
          mainiacjoe_overflow_concentric_impassable, minmay_temple_entry_fiery
D:8:      layout_rooms, lemuel_crystal_altar, kennysheep_orc_sif_temple,
          special_room [special_room_orc], kennysheep_doodads, minmay_nine_imps
D:9:      layout_loops_ring, zombieorc2_lemuel, small_statue_intersection,
          uniq_gastronok
Temple:   bh_familiar_temple

Skill      XL: |  1  2  3  4  5  6  7  8  9 10 11 |
---------------+----------------------------------+-----
Axes           | 2 3 4 5 6 7 8 |  8.1
Fighting       | 4 5 6 8 9 |  9.9
Shields        | 4 5 6 8 9 10 | 10.0
Armour         | 4 5 6 8 9 |  9.9

Action                     |  1- 3 |  4- 6 |  7- 9 | 10-12 || total
---------------------------+-------+-------+-------+-------++-------
  Melee: War axe           |   118 |   108 |    58 |   237 ||   521
         Hand axe          |       |       |   358 |       ||   358
  Throw: Dart              |       |       |     4 |       ||     4
 Invoke: Heroism           |       |       |       |     2 ||     2
    Use: Potion            |       |     1 |     1 |     5 ||     7
 Armour: Scale mail        |    82 |    99 |   297 |   269 ||   747
  Dodge: Dodged            |    64 |    62 |   214 |   124 ||   464
  Block: Buckler           |    28 |    30 |   100 |       ||   158
         Kite shield       |       |       |    14 |   185 ||   199

Table legend: (Time is in decaauts)
 A = Elapsed time spent in this place.
 B = Non-inter-level travel time spent in this place.
 C = Inter-level travel time spent in this place.
 D = Time resting spent in this place.
 E = Time spent auto-exploring this place.
 F = Levels seen in this place.
 G = Mean time per level.
                   A        B        C        D        E       F      G
               +--------+--------+--------+--------+--------+-----+--------+
         Total |   7503 |   7249 |    254 |      4 |   5131 |  10 |  750.3 |
       Dungeon |   7452 |   7244 |    208 |      4 |   5131 |   9 |  828.0 |
        Temple |     51 |      5 |     46 |      0 |      0 |   1 |   51.0 |
               +--------+--------+--------+--------+--------+-----+--------+

Top non-repeatable levels by time:
     D:5: 1322 daAuts
     D:8: 1121 daAuts
     D:1: 963 daAuts
     D:2: 823 daAuts
     D:4: 822 daAuts
     D:3: 817 daAuts
     D:6: 702 daAuts
     D:7: 546 daAuts
     D:9: 332 daAuts
  Temple: 51 daAuts
